| TOP OF THE 1ST |
|
Kansas City Royals batting - Pitching for Houston Astros : RHP Salisbury Swanson
|
|
Pitching: RHP Salisbury Swanson
|
|
|
Batting: SHB Jose Pacheco
|
0-0: Hit by Pitch
|
|
Batting: RHB Matt Belgard
|
0-0: Ball Jose Pacheco steals 2nd base 1-0: Foul Ball, location: 2F 1-1: Fly out, F9 (Line Drive, 9, EV 85.6 MPH)
|
|
Batting: LHB Mike Meyerhoff
|
0-0: Called Strike 0-1: Ball 1-1: Swinging Strike 1-2: Foul Ball, location: 2F 1-2: Foul Ball, location: 2F 1-2: Ball 2-2: Ball 3-2: Strikes out swinging
|
|
Batting: RHB Mike Jaquez
|
0-0: Called Strike 0-1: Ball 1-1: Ball 2-1: Foul Ball, location: 2F 2-2: Strikes out swinging
|
| Top of the 1st over - 0 runs, 0 hits, 0 errors, 1 left on base; Kansas City 0 - Houston 0 |
| BOTTOM OF THE 1ST |
|
Houston Astros batting - Pitching for Kansas City Royals : RHP Chris Irvin
|
|
Pitching: RHP Chris Irvin
|
|
|
Batting: RHB Jeremy Trump
|
0-0: Ball 1-0: Foul Ball, location: 2F 1-1: Foul Ball, location: 2F 1-2: Ball 2-2: Foul Ball, location: 2F 2-2: Ground out U3 (Groundball, 3, EV 81.9 MPH)
|
|
Batting: LHB Eric Katz
|
0-0: Fly out, F8 (Flyball, 8RD, EV 86.9 MPH)
|
|
Batting: SHB Jason Woods
|
0-0: Ball 1-0: Swinging Strike 1-1: Swinging Strike 1-2: Ball 2-2: Ground out U3 (Groundball, 34S, EV 90.6 MPH)
|
| Bottom of the 1st over - 0 runs, 0 hits, 0 errors, 0 left on base; Kansas City 0 - Houston 0 |
| TOP OF THE 2ND |
|
Kansas City Royals batting - Pitching for Houston Astros : RHP Salisbury Swanson
|
|
Batting: LHB Roman Downey
|
0-0: Called Strike 0-1: Ball 1-1: Foul Ball, location: 2F 1-2: Foul Ball, location: 2F 1-2: Ball 2-2: Ball 3-2: Base on Balls
|
|
Batting: SHB Gil Switzer
|
0-0: Foul Ball, location: 2F 0-1: Swinging Strike 0-2: Strikes out looking
|
|
Batting: LHB Bill Baconneck
|
0-0: Ball 1-0: Ball 2-0: Ball 3-0: Called Strike 3-1: Base on Balls Roman Downey to second
|
|
Batting: LHB Pete Hansel
|
0-0: Swinging Strike 0-1: Swinging Strike 0-2: Strikes out swinging
|
|
Batting: LHB Justin Rupert
|
0-0: SINGLE (Line Drive, 4M, EV 99.4 MPH) Roman Downey to third Bill Baconneck to second Runner from 3rd tries for Home, SAFE, throw by CF to home
|
|
Batting: SHB Jose Pacheco
|
0-0: Called Strike 0-1: Foul Ball, location: 2F 0-2: Ball 1-2: Strikes out swinging
|
| Top of the 2nd over - 1 run, 1 hit, 0 errors, 2 left on base; Kansas City 1 - Houston 0 |
| BOTTOM OF THE 2ND |
|
Houston Astros batting - Pitching for Kansas City Royals : RHP Chris Irvin
|
|
Batting: LHB Jack Christie
|
0-0: Ball 1-0: Foul Ball, location: 2F 1-1: Foul Ball, location: 2F 1-2: Ball 2-2: Strikes out swinging
|
|
Batting: RHB Eric Chotkowski
|
0-0: Ball 1-0: Fly out, F9 (Line Drive, 9D, EV 96.2 MPH)
|
|
Batting: SHB Joe Gardner
|
0-0: Fly out, F8 (Flyball, 8LXD, EV 86.2 MPH)
|
| Bottom of the 2nd over - 0 runs, 0 hits, 0 errors, 0 left on base; Kansas City 1 - Houston 0 |
| TOP OF THE 3RD |
|
Kansas City Royals batting - Pitching for Houston Astros : RHP Salisbury Swanson
|
|
Batting: RHB Matt Belgard
|
0-0: Ball 1-0: Ball 2-0: Fly out, F3 (Popup, 3S, EV 74.4 MPH)
|
|
Batting: LHB Mike Meyerhoff
|
0-0: Foul Ball, location: 2F 0-1: Ball 1-1: Ball 2-1: Ball 3-1: Foul Ball, location: 2F 3-2: Foul Ball, location: 2F 3-2: Foul Ball, location: 2F 3-2: Base on Balls
|
|
Batting: RHB Mike Jaquez
|
0-0: Ball 1-0: Grounds into double play, 6-4-3 (Groundball, 6, EV 88.8 MPH)
|
| Top of the 3rd over - 0 runs, 0 hits, 0 errors, 0 left on base; Kansas City 1 - Houston 0 |
| BOTTOM OF THE 3RD |
|
Houston Astros batting - Pitching for Kansas City Royals : RHP Chris Irvin
|
|
Batting: RHB Chris Lane
|
0-0: Fly out, F3 (Popup, 3S, EV 82.5 MPH)
|
|
Batting: SHB Rich Chavez
|
0-0: Ground out 4-3 (Groundball, 34, EV 93.8 MPH)
|
|
Batting: SHB Troy Kenyon
|
0-0: Ground out 5-3 (Groundball, 5, EV 88.8 MPH)
|
| Bottom of the 3rd over - 0 runs, 0 hits, 0 errors, 0 left on base; Kansas City 1 - Houston 0 |
| TOP OF THE 4TH |
|
Kansas City Royals batting - Pitching for Houston Astros : RHP Salisbury Swanson
|
|
Batting: LHB Roman Downey
|
0-0: SINGLE (Line Drive, 6MD, EV 97.5 MPH)
|
|
Batting: SHB Gil Switzer
|
0-0: Called Strike 0-1: Grounds into double play, 4-6-3 (Groundball, 34S, EV 79.4 MPH)
|
|
Batting: LHB Bill Baconneck
|
0-0: Ball 1-0: Ground out 3-1 (Groundball, 34S, EV 83.1 MPH)
|
| Top of the 4th over - 0 runs, 1 hit, 0 errors, 0 left on base; Kansas City 1 - Houston 0 |
| BOTTOM OF THE 4TH |
|
Houston Astros batting - Pitching for Kansas City Royals : RHP Chris Irvin
|
|
Batting: RHB Jeremy Trump
|
0-0: Called Strike 0-1: Ball 1-1: Fly out, F9 (Flyball, 89M, EV 82.5 MPH)
|
|
Batting: LHB Eric Katz
|
0-0: Ball 1-0: Ball 2-0: Called Strike 2-1: Ball 3-1: SINGLE (Groundball, 4MD, EV 96.9 MPH)
|
|
Batting: SHB Jason Woods
|
0-0: Called Strike 0-1: Ball 1-1: Ball 2-1: Foul Ball, location: 2F 2-2: SINGLE (Groundball, 6MD, EV 101.9 MPH) Eric Katz to second
|
|
Batting: LHB Jack Christie
|
0-0: Ball 1-0: Foul Ball, location: 2F 1-1: Swinging Strike 1-2: Fly out, F6 (Popup, 6, EV 59.4 MPH)
|
|
Batting: RHB Eric Chotkowski
|
0-0: Called Strike 0-1: Ball 1-1: Called Strike 1-2: Foul Ball, location: 2F 1-2: SINGLE (Groundball, 34D, EV 103.1 MPH) Eric Katz to third Jason Woods to second Runner from 3rd tries for Home, SAFE, throw by RF to home
|
|
Batting: SHB Joe Gardner
|
0-0: Ball 1-0: Swinging Strike 1-1: Foul Ball, location: 2F 1-2: Fielders Choice at 2nd, U4 (Groundball, 4M, EV 92.5 MPH)
|
| Bottom of the 4th over - 1 run, 3 hits, 0 errors, 2 left on base; Kansas City 1 - Houston 1 |
| TOP OF THE 5TH |
|
Kansas City Royals batting - Pitching for Houston Astros : RHP Salisbury Swanson
|
|
Now at SS: Danny Merrill
|
|
|
Now in LF: Elijah Hunter
|
|
|
Now in CF: Eric Katz
|
|
|
Now in RF: Bryce Hill
|
|
|
Batting: LHB Pete Hansel
|
0-0: Called Strike 0-1: Ball 1-1: Called Strike 1-2: Ball 2-2: Strikes out swinging
|
|
Batting: LHB Justin Rupert
|
0-0: Ball 1-0: Ground out U3 (Groundball, 3, EV 91.9 MPH)
|
|
Pinch Hitting: RHB Imbart Faber
|
0-0: Foul Ball, location: 2F 0-1: Ball 1-1: Ball 2-1: Swinging Strike 2-2: Strikes out swinging
|
| Top of the 5th over - 0 runs, 0 hits, 0 errors, 0 left on base; Kansas City 1 - Houston 1 |
| BOTTOM OF THE 5TH |
|
Houston Astros batting - Pitching for Kansas City Royals : RHP Chris Irvin
|
|
Now at 1B: Mikolas Markus
|
|
|
Now at 2B: Imbart Faber
|
|
|
Now at SS: Matt Belgard
|
|
|
Now in RF: Robby Diaz
|
|
|
Batting: RHB Chris Lane
|
0-0: Ball 1-0: Swinging Strike 1-1: Ground out 5-3 (Groundball, 5, EV 100.0 MPH)
|
|
Batting: SHB Rich Chavez
|
0-0: Called Strike 0-1: Hit by Pitch
|
|
Batting: SHB Troy Kenyon
|
0-0: Grounds into double play, 5-4-3 (Groundball, 15, EV 89.4 MPH)
|
| Bottom of the 5th over - 0 runs, 0 hits, 0 errors, 0 left on base; Kansas City 1 - Houston 1 |
| TOP OF THE 6TH |
|
Kansas City Royals batting - Pitching for Houston Astros : RHP Salisbury Swanson
|
|
Pitching: RHP John Mathis
|
|
|
Batting: RHB Matt Belgard
|
0-0: Ball 1-0: Fly out, F9 (Flyball, 9D, EV 80.0 MPH)
|
|
Batting: LHB Mike Meyerhoff
|
0-0: Called Strike 0-1: Ball 1-1: Foul Ball, location: 2F 1-2: Ball 2-2: Foul Ball, location: 2F 2-2: Strikes out swinging
|
|
Batting: RHB Mike Jaquez
|
0-0: Ball 1-0: Ball 2-0: Foul Ball, location: 2F 2-1: Foul Ball, location: 2F 2-2: Foul Ball, location: 2F 2-2: Strikes out looking
|
| Top of the 6th over - 0 runs, 0 hits, 0 errors, 0 left on base; Kansas City 1 - Houston 1 |
| BOTTOM OF THE 6TH |
|
Houston Astros batting - Pitching for Kansas City Royals : RHP Chris Irvin
|
|
Batting: LHB Bryce Hill
|
0-0: Called Strike 0-1: Ball 1-1: Ball 2-1: Called Strike 2-2: Ball 3-2: Foul Ball, location: 2F 3-2: Strikes out swinging
|
|
Batting: LHB Eric Katz
|
0-0: Ball 1-0: Swinging Strike 1-1: Ball 2-1: Foul Ball, location: 2F 2-2: Strikes out swinging
|
|
Batting: RHB Elijah Hunter
|
0-0: Foul Ball, location: 2F 0-1: Ball 1-1: Fly out, F7 (Flyball, 7, EV 85.0 MPH)
|
| Bottom of the 6th over - 0 runs, 0 hits, 0 errors, 0 left on base; Kansas City 1 - Houston 1 |
| TOP OF THE 7TH |
|
Kansas City Royals batting - Pitching for Houston Astros : RHP John Mathis
|
|
Pitching: RHP Mike Hurst
|
|
|
Batting: LHB Robby Diaz
|
0-0: Ball 1-0: Foul Ball, location: 2F 1-1: Called Strike 1-2: Strikes out swinging
|
|
Batting: SHB Gil Switzer
|
0-0: Ball 1-0: Fly out, F8 (Flyball, 8LD, EV 89.4 MPH)
|
|
Batting: LHB Manny Estrada
|
0-0: Swinging Strike 0-1: Called Strike 0-2: Ball 1-2: Foul Ball, location: 2F 1-2: Ball 2-2: Ball 3-2: Base on Balls
|
|
Batting: LHB Pete Hansel
|
0-0: Ball 1-0: Hit by Pitch Manny Estrada to second
|
|
Batting: RHB Mikolas Markus
|
0-0: Ball 1-0: Called Strike 1-1: Ball 2-1: Foul Ball, location: 2F 2-2: Foul Ball, location: 2F 2-2: Foul Ball, location: 2F 2-2: Ball 3-2: Base on Balls Manny Estrada to third Pete Hansel to second
|
|
Batting: RHB Imbart Faber
|
0-0: Reached on error, E2 (Groundball, 13S, EV 70.0 MPH) Manny Estrada scores Pete Hansel scores Mikolas Markus to third
|
|
Batting: RHB Matt Belgard
|
0-0: Called Strike 0-1: Ground out U3 (Groundball, 34, EV 83.8 MPH)
|
| Top of the 7th over - 2 runs, 0 hits, 1 error, 2 left on base; Kansas City 3 - Houston 1 |
| BOTTOM OF THE 7TH |
|
Houston Astros batting - Pitching for Kansas City Royals : RHP Chris Irvin
|
|
Pitching: RHP Joe Jordahl
|
|
|
Batting: LHB Jack Christie
|
0-0: Ball 1-0: Ground out 4-3 (Groundball, 4S, EV 85.6 MPH)
|
|
Batting: RHB Eric Chotkowski
|
0-0: Swinging Strike 0-1: Foul Ball, location: 2F 0-2: Strikes out swinging
|
|
Batting: RHB Danny Merrill
|
0-0: Called Strike 0-1: Foul Ball, location: 2F 0-2: Ball 1-2: Ball 2-2: Ball 3-2: Foul Ball, location: 2F 3-2: Ground out 6-3 (Groundball, 6, EV 107.5 MPH)
|
| Bottom of the 7th over - 0 runs, 0 hits, 0 errors, 0 left on base; Kansas City 3 - Houston 1 |
| TOP OF THE 8TH |
|
Kansas City Royals batting - Pitching for Houston Astros : RHP Mike Hurst
|
|
Pitching: RHP Bill Dillard
|
|
|
Batting: LHB Mike Meyerhoff
|
0-0: Called Strike 0-1: Swinging Strike 0-2: Fly out, F4 (Line Drive, 4, EV 67.5 MPH)
|
|
Batting: RHB Mike Jaquez
|
0-0: Ball 1-0: Called Strike 1-1: Swinging Strike 1-2: Foul Ball, location: 2F 1-2: Ball 2-2: Ball 3-2: Ground out 5-3 (Groundball, 56, EV 101.9 MPH)
|
|
Batting: LHB Robby Diaz
|
0-0: Foul Ball, location: 2F 0-1: Foul Ball, location: 2F 0-2: Strikes out swinging
|
| Top of the 8th over - 0 runs, 0 hits, 0 errors, 0 left on base; Kansas City 3 - Houston 1 |
| BOTTOM OF THE 8TH |
|
Houston Astros batting - Pitching for Kansas City Royals : RHP Joe Jordahl
|
|
Pitching: LHP Mike Jones
|
|
|
Now at 1B: Adam Martin
|
|
|
Now at 3B: Mikolas Markus
|
|
|
Batting: RHB Chris Lane
|
0-0: Ball 1-0: Ball 2-0: Swinging Strike 2-1: Ball 3-1: Base on Balls
|
|
Batting: SHB Rich Chavez
|
0-0: Ball 1-0: Swinging Strike 1-1: Ball 2-1: Called Strike 2-2: Ball 3-2: SINGLE (Flyball, 4D, EV 90.6 MPH) Chris Lane to second
|
|
Batting: SHB Troy Kenyon
|
0-0: Called Strike 0-1: Foul Ball, location: 2F 0-2: Strikes out swinging
|
|
Batting: LHB Bryce Hill
|
0-0: Ball 1-0: Ball 2-0: Ball 3-0: Base on Balls Chris Lane to third Rich Chavez to second
|
|
Pinch Hitting: SHB Bryan Johnston
|
0-0: Foul Ball, location: 2F 0-1: Ball 1-1: Ball 2-1: Ball 3-1: Called Strike 3-2: Strikes out swinging
|
|
Batting: RHB Elijah Hunter
|
0-0: Ball 1-0: Called Strike 1-1: Foul Ball, location: 2F 1-2: Foul Ball, location: 2F 1-2: Strikes out looking
|
| Bottom of the 8th over - 0 runs, 1 hit, 0 errors, 3 left on base; Kansas City 3 - Houston 1 |
| TOP OF THE 9TH |
|
Kansas City Royals batting - Pitching for Houston Astros : RHP Bill Dillard
|
|
Pitching: RHP Aaron Shapiro
|
|
|
Now in CF: Bryan Johnston
|
|
|
Batting: SHB Gil Switzer
|
0-0: Swinging Strike 0-1: Swinging Strike 0-2: Foul Ball, location: 2F 0-2: Ball 1-2: Ground out 5-3 (Groundball, 56S, EV 73.8 MPH)
|
|
Batting: LHB Manny Estrada
|
0-0: Swinging Strike 0-1: Swinging Strike 0-2: Ball 1-2: Ball 2-2: Strikes out swinging
|
|
Batting: LHB Pete Hansel
|
0-0: Ground out 4-3 (Groundball, 4, EV 88.1 MPH)
|
| Top of the 9th over - 0 runs, 0 hits, 0 errors, 0 left on base; Kansas City 3 - Houston 1 |
| BOTTOM OF THE 9TH |
|
Houston Astros batting - Pitching for Kansas City Royals : LHP Mike Jones
|
|
Pitching: RHP Asa Hahn
|
|
|
Batting: LHB Jack Christie
|
0-0: Foul Ball, location: 2F 0-1: Called Strike 0-2: Foul Ball, location: 2F 0-2: Strikes out swinging, 2-3 out at first.
|
|
Batting: RHB Eric Chotkowski
|
0-0: Called Strike 0-1: Called Strike 0-2: Strikes out swinging
|
|
Batting: RHB Danny Merrill
|
0-0: Called Strike 0-1: Called Strike 0-2: Fly out, F8 (Line Drive, 8RD, EV 92.5 MPH)
|
| Bottom of the 9th over - 0 runs, 0 hits, 0 errors, 0 left on base; Kansas City 3 - Houston 1 |
|